 Dungeon Crawl Stone Soup version 0.31.0-11-ge490571c62 (webtiles) character file.

Game seed: 6330559562649935798

151 Killerpretzel the Changeling (level 5, 0/34 HPs)
             Began as an Octopode Shapeshifter on Feb 9, 2024.
             Succumbed to an adder's poison
             ... in a sewer.
             The game lasted 00:06:57 (2438 turns).

Killerpretzel the Changeling (OpSh)                 Turns: 2438, Time: 00:06:58

Health: 0/34       AC:  1    Str: 13    XL:     5   Next: 33%
Magic:  5/5        EV: 13    Int: 13    God:
Gold:   82         SH:  4    Dex: 13    Spells: 4/4 levels left

rFire   . . .        d - +1 short sword
rCold   . . .        e - +0 buckler
rNeg    . . .        (helmet currently unavailable)
rPois   .            (no amulet)
rElec   .            i - ring of flight
rCorr   .            (no ring)
SInv    .            (no ring)
Will    .....        (no ring)
Stlth   +++          (no ring)
HPRegen 0.25/turn    (no ring)
MPRegen 0.09/turn    (no ring)
                     (no ring)

%: no passive effects
@: mighty, lethally poisoned (0 -> -9), beast-form, flying
A: beast (slay +2), almost no armour, amphibious, 8 rings, camouflage 1,
gelatinous body 1, nimble swimmer 1, tentacles
a: Begin Untransformation


You were in a sewer.
You were a hulking beast.
You visited 1 branch of the dungeon, and saw 3 of its levels.
You also visited: Sewer.

You collected 82 gold pieces.

Inventory:

Hand Weapons
 d - a +1 short sword (weapon)
Missiles
 q - 4 boomerangs (quivered)
Armour
 e - a +0 buckler (worn)
Jewellery
 i - a ring of flight (left tentacle)
Talismans
 b - a beast talisman
 c - a flux talisman
Scrolls
 a - a scroll of teleportation {unknown}
 h - a scroll of brand weapon {unknown}
 j - a scroll of fog
 k - a scroll of identify
 n - a scroll of revelation
 o - 2 scrolls of enchant weapon
Potions
 f - a potion of enlightenment
 l - a potion of heal wounds {unknown}


   Skills:
 + Level 2.1 Fighting
 + Level 2.8 Dodging
 + Level 1.3 Shields
 + Level 3.5 Unarmed Combat
 * Level 4.1 Shapeshifting


You had 4 spell levels left.
You didn't know any spells.
Your spell library was empty.

Dungeon Overview and Level Annotations

Branches:
Dungeon (3/15)              Sewer (1/1)

Altars:

Annotations:
D:2 Jessica, Sigmund


Innate Abilities, Weirdness & Mutations

You are a hulking beast.
Your limbs bulge with bestial killing power. (Slay +2)
You cannot wear most types of armour.
You are amphibious.
You can wear up to eight rings at the same time.
Your skin changes colour to match your surroundings (Stealth+).
Your rubbery body absorbs attacks. (AC +1, EV +1)
You are camouflaged when in or above water. (Stealth+)
You have tentacles for arms and can constrict up to eight enemies at once.


Message History

The adder bites you.
You closely miss the adder. Your grab misses the adder.
The adder is lightly wounded.
The adder bites you.
You are poisoned.
The adder poisons you!
There are monsters nearby!
You hit the adder. You grab the adder.
The adder is moderately wounded.
You constrict the adder.
You feel sick. The adder misses you. x2
There are monsters nearby!
You barely miss the adder.
The adder is severely wounded.
You constrict the adder.
You feel sick. The adder bites you. x2
You are more poisoned.
The adder poisons you! The adder bites you.
You are more poisoned.
The adder poisons you! The adder closely misses you.
There are monsters nearby!
You are too injured to fight recklessly!
There are monsters nearby!
You hit the adder.
You kill the adder!
You feel sick. The adder closely misses you.
You block the ball python's attack. The ball python barely misses you.
You feel very mighty all of a sudden.
You feel sick. The adder bites you.
* * * LOW HITPOINT WARNING * * *
The ball python barely misses you. The ball python completely misses you.
Okay, then.
You miss the adder. Your grab misses the adder.
You feel sick. The adder bites you.
* * * LOW HITPOINT WARNING * * *
You are lethally poisoned!
The adder poisons you! The ball python closely misses you.
You block the ball python's attack. The adder bites you.
* * * LOW HITPOINT WARNING * * *
You hit the adder. Your grab misses the adder.
The adder is moderately wounded.
You die...

#..†.#..# ##...####
#....####################
#.....#≈≈≈≈≈~~≈~≈≈≈≈≈~..###
#.....~~≈≈~~~~.~.≈≈≈≈~~...##
#......≈≈≈≈~~~...≈≈~~~~....#
##.....≈≈≈~≈≈~.[r~≈~≈≈~....#
##...~~~~~≈≈≈.SSrr~≈rr....#
###.#~~~~≈≈≈#h#r~~≈≈#...r.
################### .... ...
S. .


You could see an adder, a river rat, a ball python and 4 rats.

Vanquished Creatures
  An adder (Sewer)
  7 river rats (Sewer)
  A ribbon worm (D:2)
  3 dart slugs
  2 endoplasms
  5 giant cockroaches
  2 goblins
  4 hobgoblins
  4 kobolds
  6 quokkas
  12 ball pythons
  11 bats
  3 frilled lizards
  15 rats
76 creatures vanquished.

Notes
Turn   | Place    | Note
-------+----------+-------------------------------------------
     0 | D:1      | Killerpretzel the Octopode Shapeshifter began the quest for
                  | the Orb.
     0 | D:1      | Reached XP level 1. HP: 13/13 MP: 1/1
   125 | D:1      | Reached XP level 2. HP: 18/18 MP: 2/2
   195 | D:1      | Found a faded altar of an unknown god.
   369 | D:1      | Reached XP level 3. HP: 23/23 MP: 3/3
   790 | D:2      | Noticed Sigmund
  1417 | D:2      | Noticed Jessica
  2073 | D:3      | Reached XP level 4. HP: 29/29 MP: 4/4
  2079 | D:3      | Found a glowing drain.
  2099 | Sewer    | Entered a sewer
  2232 | Sewer    | Reached skill level 1 in Shields
  2247 | Sewer    | Reached skill level 4 in Shapeshifting
  2255 | Sewer    | Reached XP level 5. HP: 15/34 MP: 5/5
  2438 | Sewer    | Succumbed to an adder's poison

Illustrated notes

Levels and vault maps discovered:
D:1:      dpeg_arrival_connections, layout_basic, shapermc_ecumenical_altar_venn
D:2:      layout_basic, uniq_jessica, uniq_sigmund
D:3:      layout_loops_ring, gup_sewer_entry_pipe, minmay_stone_trees_small,
          minmay_puff
Sewer:    sewer_minmay_w

Skill      XL: |  1  2  3  4 |
---------------+-------------+-----
Shields        | 1 |  1.3
Shapeshifting  | 4 |  4.1
Fighting       | 2 |  2.1
Dodging        | |  2.8
Unarmed Combat | |  3.5

Action                     |  1- 3 |  4- 6 || total
---------------------------+-------+-------++-------
  Melee: Unarmed           |     9 |       ||     9
         Short sword       |    72 |    52 ||   124
         Constrict         |    18 |    10 ||    28
         Tentacles         |    14 |     5 ||    19
         Punch             |     4 |       ||     4
  Throw: Boomerang         |     4 |    27 ||    31
    Use: Scroll            |     9 |       ||     9
         Potion            |       |     3 ||     3
   Stab: Sleeping          |     6 |       ||     6
 Armour: Skin              |    36 |    44 ||    80
  Dodge: Dodged            |    52 |    22 ||    74
  Block: Buckler           |     9 |    12 ||    21
